AoeStats
← Juyhou

Fortress

509930549Analyzed
4v4 RM · 4d ago on Sep 28, 2026· 34m 48s· 8 players
Game mode
Random Map
Map size
Huge
Population
200
Speed
Normal
Resources
Standard
Victory
Conquest
Starting age
Dark Age
Ending age
Imperial Age
RankedLock teamsTeams togetherTeam positionsShared explorationLock speedFull tech treeHidden civsTurbo modeCheats
Victory
Defeat
🇫🇮 Ethiopians · Finland
2148
+2
🇫🇮 Malians · Finland
2066
+3
🇫🇮 Saxons · Finland
1947
+5
🇨🇳 Cumans · China
1800
+9
🇦🇷 Hindustanis · Argentina
1747
-6
🇫🇮 Bulgarians · Finland
1690
-5
🇨🇭 Huns · Switzerland
1680
-5
🇦🇷 Portuguese · Argentina
1609
-3
King-Arthur
7:03 Feudal Age
11:01 Castle Age
9:14 Double-Bit Axe
9:23 Horse Collar
12:04 Bow Saw
12:56 Wheelbarrow
14:08 Loom
16:47 Arson
17:26 Squires
17:13 Gambesons
18:53 Scale Mail Armor
20:29 Chain Mail Armor
20:25 Forging
21:55 Iron Casting
28:05 Imperial Age
26:17 Hand Cart
25:59 Pikeman
26:53 Scale Barding Armor
27:30 Chain Barding Armor
27:01 Fletching
27:20 Gold Mining
28:12 Bodkin Arrow
28:43 Bloodlines
28:33 Husbandry
29:52 Plate Barding Armor
31:09 Elite Konnik
34:35 Blast Furnace
[CL] Feargoras
7:58 Feudal Age
11:34 Castle Age
12:35 Horse Collar
12:40 Double-Bit Axe
13:45 Bow Saw
17:56 Wheelbarrow
18:04 Heavy Plow
20:24 Hand Cart
20:33 Gold Mining
20:36 Stone Mining
25:15 Imperial Age
22:37 Loom
25:03 Scale Mail Armor
26:25 Conscription
27:27 Chemistry
26:26 Elite Organ Gun
28:01 Ballistics
28:57 Two-Man Saw
29:11 Arquebus
30:51 Fletching
31:26 Siege Engineers
33:51 Bodkin Arrow
Maelgwyn
7:11 Feudal Age
10:43 Castle Age
9:01 Double-Bit Axe
9:22 Horse Collar
11:50 Bow Saw
17:52 Wheelbarrow
19:21 Heavy Plow
20:29 Hand Cart
20:13 Gold Mining
24:44 Imperial Age
23:14 Gold Shaft Mining
22:31 Stone Mining
22:54 Padded Archer Armor
22:46 Fletching
23:02 Loom
23:26 Bodkin Arrow
23:47 Leather Archer Armor
24:20 Husbandry
25:08 Ballistics
25:47 Conscription
26:57 Chemistry
26:30 Bracer
27:58 Two-Man Saw
27:28 Parthian Tactics
27:09 Thumb Ring
27:07 Heavy Cavalry Archer
28:28 Town Watch
29:35 Masonry
29:56 Scale Barding Armor
30:02 Bloodlines
30:09 Town Patrol
Franco Guanajuato
8:31 Feudal Age
10:11 Double-Bit Axe
10:08 Horse Collar
12:35 Castle Age
14:19 Bow Saw
18:01 Wheelbarrow
19:37 Hand Cart
20:00 Heavy Plow
24:49 Imperial Age
22:44 Bloodlines
22:34 Husbandry
23:14 Loom
24:09 Scale Barding Armor
25:20 Chain Barding Armor
25:10 Gold Mining
26:03 Conscription
25:29 Heavy Camel Rider
26:33 Imperial Camel Rider
28:16 Plate Barding Armor
28:11 Forging
29:20 Iron Casting
28:59 Light Cavalry
31:08 Hussar
Villese
6:16 Feudal Age
7:29 Double-Bit Axe
9:55 Castle Age
8:34 Horse Collar
11:03 Bow Saw
11:20 Heavy Plow
17:00 Wheelbarrow
17:24 Gold Mining
18:01 Hand Cart
19:50 Stone Mining
20:36 Gold Shaft Mining
20:40 Loom
24:08 Imperial Age
22:05 Scale Mail Armor
22:06 Town Watch
22:23 Squires
22:35 Forging
22:11 Arson
23:27 Chain Mail Armor
23:50 Stone Shaft Mining
24:01 Fortified Wall
24:20 Onager
25:06 Siege Engineers
26:07 Siege Onager
28:01 Torsion Engines
29:48 Caravan
30:00 Guilds
30:21 Coinage
31:14 Chemistry
31:12 Plate Mail Armor
31:18 Iron Casting
31:06 Conscription
31:36 Royal Heirs
30:57 Elite Shotel Warrior
33:44 Banking
33:57 Fletching
34:20 Masonry
35:13 Architecture
35:04 Ballistics
Juyhou
6:41 Feudal Age
10:46 Castle Age
8:34 Horse Collar
8:43 Double-Bit Axe
8:43 Horse Collar
11:45 Bow Saw
12:38 Heavy Plow
17:48 Wheelbarrow
19:53 Gold Mining
19:54 Stone Mining
21:10 Hand Cart
20:42 Loom
24:41 Imperial Age
22:14 Squires
22:00 Gambesons
22:01 Arson
23:01 Scale Mail Armor
23:11 Forging
22:23 Clerical Recruitment
24:28 Chain Mail Armor
25:12 Gold Shaft Mining
24:44 Elite Varangian Guard
26:01 Iron Casting
25:49 Conscription
27:25 Plate Mail Armor
27:26 Town Watch
28:15 Shield Wall
32:11 Caravan
32:44 Fletching
32:32 Pikeman
33:55 Bodkin Arrow
33:42 Halberdier
33:42 Halberdier
154985415164
7:20 Feudal Age
11:05 Castle Age
9:14 Double-Bit Axe
9:28 Horse Collar
19:20 Bow Saw
20:59 Wheelbarrow
25:23 Imperial Age
22:39 Loom
23:25 Gold Mining
23:58 Hand Cart
24:05 Bloodlines
24:18 Scale Barding Armor
25:02 Forging
25:49 Chain Barding Armor
26:57 Iron Casting
26:51 Conscription
26:38 Cavalier
28:32 Plate Barding Armor
28:03 Paladin
30:31 Gold Shaft Mining
29:47 Stone Mining
31:37 Two-Man Saw
31:41 Blast Furnace
31:06 Town Watch
31:43 Caravan
33:21 Heavy Plow
TheMax
7:02 Feudal Age
10:44 Castle Age
8:40 Double-Bit Axe
9:01 Horse Collar
12:45 Bow Saw
15:45 Heavy Plow
18:20 Wheelbarrow
18:38 Gold Mining
19:22 Squires
20:06 Hand Cart
19:37 Loom
20:13 Town Watch
22:00 Forging
23:01 Gold Shaft Mining
22:35 Stone Mining
26:00 Imperial Age
23:46 Scale Mail Armor
24:26 Fletching
25:12 Tigui
25:50 Chain Mail Armor
26:10 Iron Casting
27:22 Conscription
26:22 Elite Gbeto
28:18 Chemistry
29:53 Crop Rotation
29:36 Arson
33:44 Caravan
34:01 Treadmill Crane
34:31 Masonry
34:32 Fortified Wall
Connection lost

Rejoining the realm…

Still unreachable

The connection could not be restored.

Session expired

The server has moved on; the page needs a fresh start.